Map: Eternal Empire LE

Players

bleu - Winner!

  • Race: Zerg Zerg
  • League: Diamond
  • Spawn Location: 7:00

Cheater 1 (Vision)

  • Race: Protoss Protoss
  • Spawn Location: 1:00

VOD

Have the link to the VOD?

Description

Time

  • Played on: March 29, 2020, 6:32 p.m.
  • Length: 9:08
Show
View Real Time Build Order
Export as new Build Order

bleu Zerg - Winner!

Build Orders: Hatch First, Swarm Host 

Get SALT Encoding   

  12  0:01  Drone  
  13  0:12  Overlord  
  13  0:17  Drone  
  14  0:30  Drone x2  
  16  0:49  Hatchery  
  15  0:52  Drone  
  15  0:55  Drone  
  17  0:59  Drone  
  18  1:08  Extractor  
  17  1:14  Spawning Pool  
  17  1:18  Drone  
  17  1:21  Drone  
  18  1:28  Drone  
  19  1:38  Drone  
  20  1:49  Overlord  
  20  2:01  Queen x2  
  20  2:02  Zergling x4  
  26  2:11  Drone  
  26  2:12  Drone, Metabolic Boost  
  28  2:21  Drone  
  30  2:22  Drone  
  30  2:39  Hatchery  
  30  2:43  Drone x2  
  31  2:49  Queen  
  33  2:55  Overlord  
  33  2:59  Drone  
  33  3:00  Drone  
  33  3:03  Drone  
  36  3:09  Pneumatized Carapace  
  36  3:15  Drone x3  
  36  3:16  Drone  
  40  3:20  Overlord  
  40  3:24  Drone  
  40  3:25  Drone  
  42  3:30  Queen  
  44  3:38  Overlord  
  44  3:42  Drone  
  44  3:43  Drone x3  
  44  3:46  Drone  
  49  3:49  Drone  
  49  3:51  Spore Crawler  
  49  3:53  Spore Crawler  
  48  4:01  Drone x5  
  48  4:02  Drone  
  54  4:07  Queen  
  54  4:09  Drone  
  58  4:10  Drone  
  58  4:13  Zergling x2  
  58  4:14  Zergling x4  
  58  4:16  Zergling x2  
  62  4:17  Zergling x2  
  62  4:23  Roach Warren  
  62  4:31  Drone x4  
  63  4:33  Lair  
  63  4:35  Overlord  
  63  4:36  Overlord  
  66  4:46  Extractor  
  66  4:47  Extractor  
  66  4:48  Extractor  
  66  4:49  Extractor  
  66  4:52  Drone x3  
  65  4:53  Overlord  
  65  4:54  Drone  
  65  4:55  Drone x3  
  65  4:56  Drone x2  
  71  5:02  Spore Crawler, Drone  
  71  5:03  Drone  
  71  5:04  Drone  
  73  5:11  Drone  
  73  5:13  Drone, Evolution Chamber  
  74  5:29  Zergling x4  
  74  5:30  Glial Reconstitution  
  74  5:34  Infestation Pit, Zergling x2  
  74  5:35  Zergling x4  
  78  5:36  Drone  
  78  5:37  Drone  
  78  5:38  Zerg Missile Weapons Level 1  
  78  5:39  Drone  
  78  5:40  Drone x2  
  83  5:44  Drone x2  
  83  5:45  Drone  
  83  5:47  Extractor  
  83  5:49  Roach  
  89  5:50  Roach  
  89  5:51  Overlord  
  89  5:52  Overlord x2  
  89  5:53  Overlord  
  89  6:01  Drone  
  89  6:02  Overlord  
  90  6:06  Overlord  
  90  6:09  Drone  
  90  6:10  Drone, Hatchery  
  90  6:11  Drone x2  
  93  6:12  Unknown, Roach x2  
  96  6:24  Swarm Host x7  
  117  6:34  Overlord  
  117  6:35  Swarm Host x3  
  117  6:36  Swarm Host  
  129  6:42  Swarm Host  
  129  6:46  Overlord x2  
  132  7:02  Swarm Host x4  
  132  7:05  Swarm Host  
  132  7:07  Zergling x2  
  132  7:08  Zergling x10  
  153  7:14  Swarm Host, Hatchery  
  155  7:17  Roach x3  
  155  7:19  Overlord  
  155  7:20  Overlord  
  161  7:29  Overlord  
  161  7:31  Roach x3  
  161  7:34  Overlord  
  161  7:35  Overlord x2  
  167  7:37  Queen  
  168  7:45  Roach  
  168  7:46  Roach x7  
  183  7:51  Roach x3  
  183  7:52  Roach  
  181  8:01  Roach x3  
  184  8:11  Drone x3  
  184  8:12  Drone x4  
  191  8:26  Roach x4  
  199  8:46  Spire  
  198  8:50  Evolution Chamber  
Show
View Real Time Build Order
Export as new Build Order

Cheater 1 (Vision) Protoss 

Build Orders: Zealot Archon 

Get SALT Encoding   

  12  0:00  Probe  
  13  0:13  Probe  
  14  0:19  Pylon  
  14  0:25  Probe  
  15  0:34  Probe  
  15  0:39  Gateway  
  15  0:42  Probe  
  17  0:50  Assimilator  
  17  0:52  Probe  
  18  1:00  Probe, Pylon  
  19  1:08  Probe  
  19  1:18  Probe  
  21  1:28  Zealot  
  21  1:31  Cybernetics Core  
  23  1:35  Gateway  
  23  1:37  Probe  
  24  1:46  Pylon  
  24  1:49  Probe  
  25  1:55  Zealot  
  25  1:59  Probe  
  27  2:07  Probe  
  28  2:10  Warp Gate  
  29  2:22  Adept x2  
  33  2:25  Gateway  
  33  2:34  Gateway  
  33  2:48  Adept  
  33  2:50  Pylon  
  33  2:51  Probe  
  34  2:52  Adept  
  38  3:12  Adept x2  
  40  3:19  Pylon  
  42  3:21  Adept  
  42  3:22  Adept  
  46  3:36  Probe  
  46  3:38  Robotics Facility  
  47  3:54  Assimilator  
  47  3:58  Pylon  
  47  4:07  Twilight Council  
  47  4:38  Zealot  
  49  4:50  Templar Archives, Nexus  
  49  5:16  Zealot  
  49  5:19  Forge  
  51  5:27  High Templar  
  53  5:30  Forge  
  53  5:44  High Templar  
  55  5:50  Archon  
  55  5:53  Pylon  
  55  6:01  Zealot x3  
  55  6:02  Probe x2  
  63  6:11  Assimilator  
  63  6:12  Zealot  
  63  6:14  Probe, Assimilator  
  63  6:15  Probe  
  67  6:21  High Templar  
  67  6:22  Zealot  
  71  6:26  Probe  
  71  6:27  Probe  
  73  6:38  Probe  
  73  6:39  Probe, High Templar  
  77  6:43  Pylon  
  77  6:44  Stalker, Zealot  
  81  6:48  Archon  
  81  6:50  Probe  
  82  6:54  Nexus  
  82  6:58  High Templar  
  84  7:04  Pylon  
  84  7:10  Probe  
  84  7:12  High Templar  
  84  7:13  Probe  
  88  7:17  Stalker  
  88  7:21  Stalker  
  88  7:22  Probe  
  93  7:25  Pylon  
  93  7:28  Probe  
  94  7:31  Stalker  
  94  7:34  Probe  
  97  7:38  Sentry  
  97  7:40  Probe  
  97  7:42  Observer  
  101  7:46  Probe, Stalker  
  101  7:47  Pylon  
  68  7:52  Probe, Stalker  
  57  8:00  Zealot  
  57  8:05  High Templar  
  48  8:21  High Templar  
  49  8:36  High Templar  
  49  8:40  Zealot x2  
  30  8:43  Probe  
  30  8:45  Zealot  
  21  8:54  Pylon  
  21  8:55  Probe  
Tags
 
Add a new tag
Caveats
  • Supply blocks, unpowered buildings, or Contaminate may cause inaccurate times.
  • Supply counts are checked every 10 seconds.